AoeStats
← lo

Hideout

509169627Analyzed
1v1 RM · 7d ago on Sep 25, 2026· 33m 49s· 2 players
Game mode
Random Map
Map size
Tiny (2 player)
Population
200
Speed
Normal
Resources
Standard
Victory
Conquest
Starting age
Dark Age
Ending age
Imperial Age
RankedLock teamsTeams togetherTeam positionsShared explorationLock speedFull tech treeHidden civsTurbo modeCheats
Victory
Defeat
🇧🇾 Khmer · Belarus
710
+17
🇨🇴 Armenians · Colombia
742
-17
lo
9:44 Feudal Age
14:39 Castle Age
16:59 Horse Collar
22:22 Heavy Plow
22:09 Double-Bit Axe
27:10 Wheelbarrow
28:25 Scale Barding Armor
28:21 Scale Mail Armor
29:37 Forging
30:19 Chain Barding Armor
Jusep Pedrerol
0:26 Loom
11:17 Feudal Age
12:04 Double-Bit Axe
12:05 Man-at-Arms
12:30 Arson
12:29 Horse Collar
13:16 Long Swordsman
18:12 Forging
20:51 Gold Mining
23:23 Scale Mail Armor
26:22 Wheelbarrow
31:11 Castle Age
29:28 Pikeman
30:44 Stone Mining
31:19 Halberdier
32:00 Squires
32:11 Gambesons
33:56 Iron Casting
33:37 Chain Mail Armor
Connection lost

Rejoining the realm…

Still unreachable

The connection could not be restored.

Session expired

The server has moved on; the page needs a fresh start.